 Dungeon Crawl Stone Soup version 0.27-a0-1139-g28e009f8a6 (webtiles) character file.

Game seed: 6960811416489592285

856 DarkShadow the Covered (level 7, -4/61 HPs)
             Began as a Minotaur Fighter on May 8, 2021.
             Slain by Pikel
             ... wielding a +2 whip of freezing
              (7 damage)
             ... on level 5 of the Dungeon.
             The game lasted 00:08:11 (3733 turns).

DarkShadow the Covered (Minotaur Fighter)           Turns: 3733, Time: 00:08:12

Health: -4/61      AC:  7    Str: 22    XL:     7   Next: 70%
Magic:  6/6        EV:  8    Int:  5    God:
Gold:   109        SH: 10    Dex: 10    Spells: 6/6 levels left

rFire    . . .     SeeInvis .   a - +0 long sword
rCold    . . .     Faith    .   c - +0 kite shield
rNeg     . . .     Spirit   .   b - +0 scale mail
rPois    .         Reflect  .   (helmet restricted)
rElec    .         Harm     .   (no cloak)
rCorr    .         Rampage  .   (no gloves)
Will     .....                  (no boots)
Stlth    ..........             n - amulet of regeneration
HPRegen  1.20/turn              (no ring)
MPRegen  0.10/turn              (no ring)

@: brilliant, hasted (expiring), very quick
A: horns 2, retaliatory headbutt, beak, wild magic 1
a: no special abilities


You were on level 5 of the Dungeon.
You visited 1 branch of the dungeon, and saw 5 of its levels.

You collected 109 gold pieces.

Inventory:

Hand Weapons
 a - a +0 long sword (weapon)
Armour
 b - a +0 scale mail (worn)
 c - a +0 kite shield (worn)
Jewellery
 e - a ring of fire
 n - an amulet of regeneration (around neck)
Wands
 m - a wand of iceblast (12)
 o - a wand of flame (21)
Scrolls
 f - a scroll of brand weapon {unknown}
 h - 3 scrolls of teleportation {unknown}
 j - a scroll of holy word {unknown}
 l - a scroll of fear {unknown}
 q - a scroll of identify
Potions
 g - a potion of haste
 i - 2 potions of curing {unknown}
 p - a potion of invisibility {unknown}


   Skills:
 + Level 5.2 Fighting
 + Level 6.3 Long Blades
 + Level 6.8 Armour
 - Level 1.1 Dodging
 + Level 6.1 Shields


You had 6 spell levels left.
You didn't know any spells.
Your spell library contained the following spells:

 Spells                   Type           Power      Damage    Failure   Level
 Animate Skeleton         Necr           0%         N/A       99%         1
 Pain                     Necr           0%         1d4       99%         1
 Vampiric Draining        Necr           0%         2d6       100%        3
 Animate Dead             Necr           0%         N/A       100%        4
 Agony                    Necr           0%         N/A       100%        5


Dungeon Overview and Level Annotations

Branches:
Dungeon (5/15)
 Temple: D:4-7

Altars:
Cheibriados
Elyvilon
Trog

Shops:
D:1 !   D:3 (

Annotations:
D:5 Pikel


Innate Abilities, Weirdness & Mutations

You have a pair of horns on your head.
You reflexively headbutt those who attack you in melee.
You have a beak for a mouth.
Your spells are a little harder to cast, but a little more powerful.


Message History

You hit Pikel. You peck Pikel, but do no damage.
Pikel is severely wounded.
You hit Pikel. Your headbutt misses Pikel. You peck Pikel, but do no damage.
Pikel is severely wounded.
You block Pikel's attack.
You barely miss Pikel. Your headbutt misses Pikel.
Pikel is severely wounded.
Pikel hits you with a +2 whip of freezing.
Pikel freezes you.
You hit Pikel but do no damage.
Pikel is severely wounded.
Pikel hits you with a +2 whip of freezing.
Pikel freezes you.
* * * LOW HITPOINT WARNING * * *
You hit Pikel but do no damage. Your headbutt misses Pikel.
Your peck misses Pikel.
Pikel is severely wounded.
Pikel hits you with a +2 whip of freezing!
* * * LOW HITPOINT WARNING * * *
Pikel freezes you.
* * * LOW HITPOINT WARNING * * *
It was a potion of brilliance.
You feel clever all of a sudden. Pikel hits you but does no damage.
You closely miss Pikel. Your headbutt misses Pikel. Your peck misses Pikel.
Pikel is severely wounded.
You block Pikel's attack.
You hit Pikel.
Pikel is almost dead.
You miss Pikel. Your peck misses Pikel.
Pikel is almost dead.
Pikel hits you with a +2 whip of freezing.
* * * LOW HITPOINT WARNING * * *
Pikel freezes you.
* * * LOW HITPOINT WARNING * * *
You hit Pikel. Your peck misses Pikel.
Pikel is almost dead.
Your extra speed is starting to run out.
Pikel hits you with a +2 whip of freezing!
You die...

##### #...#.####..# ..
.(...#####...#.#..#..##..
.....(...................
........######.#.##..##..
.#.####.######.#.........
#...##........#####.#.#.
#.....####### #.#...
#####.# #..##. #@# ##.##.
########K# #.##.
.......55# #.##.
.........# #..#.
.........# ##.#.
.........# #.(#
#....###.# ##.# .###. #.#
#.# . #.# ...


You could see Pikel and 2 lemures.

Vanquished Creatures
  The ghost of DarkShadow the Shield-Bearer, an amateur MiFi (D:4)
  Edmund (D:5)
  A necrophage (D:5)
  A centaur (D:5)
  An ogre (D:4)
  2 lemures (D:5)
  Blork the orc (D:4)
  A bullfrog skeleton (D:4)
  An orc priest (D:3)
  5 adders
  An adder skeleton (D:4)
  3 worms (D:2)
  A dart slug (D:2)
  4 orcs
  4 ball pythons
  6 bats
  6 endoplasms
  6 giant cockroaches
  5 goblins
  5 hobgoblins
  6 jackals
  2 kobolds
  4 quokkas
  4 frilled lizards
  22 rats
94 creatures vanquished.

Notes
Turn   | Place    | Note
-------+----------+-------------------------------------------
     0 | D:1      | DarkShadow the Minotaur Fighter began the quest for the
                  | Orb.
     0 | D:1      | Reached XP level 1. HP: 19/19 MP: 0/0
   256 | D:1      | Found Icall's Distillery.
   296 | D:1      | Reached XP level 2. HP: 20/27 MP: 1/1
  1157 | D:2      | Found a faded altar of an unknown god.
  1168 | D:2      | Reached XP level 3. HP: 26/33 MP: 2/2
  1890 | D:3      | Found a snail-covered altar of Cheibriados.
  1890 | D:3      | Found a white marble altar of Elyvilon.
  1958 | D:3      | Reached XP level 4. HP: 29/40 MP: 3/3
  1960 | D:3      | Reached skill level 1 in Dodging
  2291 | D:3      | Found Sywk's Weapon Emporium.
  2420 | D:3      | Reached XP level 5. HP: 40/47 MP: 4/4
  2559 | D:3      | Found a bloodstained altar of Trog.
  2773 | D:4      | Noticed Blork the orc
  2781 | D:4      | Killed Blork the orc
  2782 | D:4      | Reached skill level 5 in Armour
  2876 | D:4      | Gained mutation: You have a pair of large horns on your
                  | head. [potion of mutation]
  2876 | D:4      | Gained mutation: You are clumsy. (Dex -2) [potion of
                  | mutation]
  2876 | D:4      | Gained mutation: You have a beak for a mouth. [potion of
                  | mutation]
  2877 | D:4      | Lost mutation: You have a pair of large horns on your head.
                  | [potion of mutation]
  2877 | D:4      | Lost mutation: You are clumsy. (Dex -2) [potion of
                  | mutation]
  2877 | D:4      | Gained mutation: Your spells are a little harder to cast,
                  | but a little more powerful. [potion of mutation]
  2941 | D:4      | Noticed an ogre
  2949 | D:4      | Killed an ogre
  2950 | D:4      | Reached skill level 5 in Shields
  2950 | D:4      | Reached XP level 6. HP: 36/53 MP: 5/5
  3204 | D:4      | Found a runed translucent gate.
  3204 | D:4      | Found a runed translucent gate.
  3204 | D:4      | Found a runed translucent gate.
  3205 | D:4      | Noticed DarkShadow's ghost (amateur MiFi)
  3218 | D:4      | Killed DarkShadow's ghost
  3219 | D:4      | Reached skill level 5 in Long Blades
  3219 | D:4      | Reached XP level 7. HP: 52/60 MP: 6/6
  3605 | D:5      | Entered Level 5 of the Dungeon
  3683 | D:5      | Noticed Edmund
  3683 | D:5      | Noticed Pikel
  3707 | D:5      | Killed Edmund
  3708 | D:5      | Reached skill level 5 in Fighting
  3728 | D:5      | HP: 3/61 [Pikel/+2 whip of freezing (4)]
  3733 | D:5      | Slain by Pikel

Illustrated notes

Levels and vault maps discovered:
D:1:      dpeg_arrival_shrine, layout_basic, serial_bayou,
          serial_bayou_crossing, serial_bayou_lagoon_b, serial_bayou_pond_a,
          serial_bayou_shore_b, serial_shops, shop
D:2:      layout_basic, hellmonk_ecumenical_altar_dog_temple
D:3:      layout_basic, trog_book, gammafunk_temple_overflow_pools,
          serial_shops, shop, minmay_rat_hole
D:4:      layout_cave_pods, ebering_ghost_rock_garden, uniq_blork_the_orc
D:5:      layout_basic, uniq_menkaure, uniq_pikel, uniq_edmund

Skill      XL: |  1  2  3  4  5  6  7 |
---------------+----------------------+-----
Shields        | 4 5 6 |  6.1
Armour         | 4 5 6 |  6.8
Long Blades    | 3 4 5 6 |  6.3
Fighting       | 4 5 |  5.2
Dodging        | 1 |  1.1

Action                   |  1- 3 |  4- 6 |  7- 9 || total
-------------------------+-------+-------+-------++-------
Melee: Long sword        |   107 |   100 |    73 ||   280
       Headbutt          |     9 |    11 |    14 ||    34
       Peck              |       |     4 |    18 ||    22
  Use: Scroll            |       |     3 |       ||     3
       Potion            |       |     3 |     2 ||     5
Armor: Scale mail        |    41 |    32 |    10 ||    83
Dodge: Dodged            |    40 |    27 |    20 ||    87
Block: Kite shield       |    51 |    57 |    34 ||   142
       Rpst.: Long sword |    11 |     5 |     8 ||    24

Table legend: (Time is in decaauts)
 A = Elapsed time spent in this place.
 B = Non-inter-level travel time spent in this place.
 C = Inter-level travel time spent in this place.
 D = Time resting spent in this place.
 E = Time spent auto-exploring this place.
 F = Levels seen in this place.
 G = Mean time per level.
                   A        B        C        D        E       F      G
               +--------+--------+--------+--------+--------+-----+--------+
         Total |   3867 |   3816 |     51 |    189 |   2950 |   5 |  773.4 |
       Dungeon |   3867 |   3816 |     51 |    189 |   2950 |   5 |  773.4 |
               +--------+--------+--------+--------+--------+-----+--------+

Top non-repeatable levels by time:
     D:3: 1034 daAuts
     D:1: 1010 daAuts
     D:4: 850 daAuts
     D:2: 837 daAuts
     D:5: 133 daAuts
